BSA
EL DORADO OILERS @ NASSAU ROCKETS
03/02/2028
 
TOP OF THE 1ST
El Dorado Oilers batting - Pitching for Nassau Rockets : RHP Tomás Molina
Pitching: RHP Tomás Molina
Batting: RHB Nick Webb 0-0: Ball
1-0: Ball
2-0: Foul Ball, location: 2F
2-1: Swinging Strike
2-2: SINGLE (Line Drive, 6MD)
Batting: RHB Sixto Vélez 0-0: Called Strike
0-1: Ball
1-1: Foul Ball, location: 2F
1-2: Ball
2-2: Ground out 4-3 (Groundball, 4MD)
Nick Webb to second
Batting: LHB José Hernández 0-0: Ball
1-0: Ball
2-0: Ground out 5-3 (Groundball, 56S)
Nick Webb to third
Batting: LHB Tony Abete 0-0: Ball
1-0: Called Strike
1-1: Ball
2-1: Ball
3-1: Fly out, F8 (Flyball, 78S)
Top of the 1st over - 0 run(s), 1 hit(s), 0 error(s), 1 left on base; El Dorado 0 - Nassau 0
BOTTOM OF THE 1ST
Nassau Rockets batting - Pitching for El Dorado Oilers : RHP Francisco Ríos
Pitching: RHP Francisco Ríos
Batting: SHB Howard Parker 0-0: Fly out, F7 (Flyball, 78M)
Batting: LHB Bob Martin 0-0: Called Strike
0-1: Ground out 4-3 (Groundball, 4S)
Batting: LHB Don Ramey 0-0: Called Strike
0-1: Ball
1-1: Swinging Strike
1-2: Foul Ball, location: 2F
1-2: Foul Ball, location: 2F
1-2: Ball
2-2: Foul Ball, location: 2F
2-2: Ball
3-2: Foul Ball, location: 2F
3-2: Base on Balls
Batting: RHB Kenji Kudo 0-0: SINGLE (Groundball, 6MD)
Don Ramey to second
Batting: SHB Edgardo Osorio 0-0: Called Strike
0-1: Swinging Strike
0-2: Fly out, F8 (Flyball, 8RS)
Bottom of the 1st over - 0 run(s), 1 hit(s), 0 error(s), 2 left on base; El Dorado 0 - Nassau 0
TOP OF THE 2ND
El Dorado Oilers batting - Pitching for Nassau Rockets : RHP Tomás Molina
Batting: RHB Valentín Borges 0-0: Ball
1-0: Ground out 4-3 (Groundball, 4)
Batting: LHB Chris Miller 0-0: Ball
1-0: Called Strike
1-1: Foul Ball, location: 2F
1-2: Ground out 4-3 (Groundball, 4)
Batting: LHB José Martínez 0-0: Ground out 5-3 (Groundball, 56)
Top of the 2nd over - 0 run(s), 0 hit(s), 0 error(s), 0 left on base; El Dorado 0 - Nassau 0
BOTTOM OF THE 2ND
Nassau Rockets batting - Pitching for El Dorado Oilers : RHP Francisco Ríos
Batting: LHB Wilson Allen 0-0: Fly out, F7 (Flyball, 7)
Batting: RHB Jesús Villalobos 0-0: Swinging Strike
0-1: Foul Ball, location: 2F
0-2: Strikes out swinging
Batting: RHB Brant Sherman 0-0: Called Strike
0-1: Ball
1-1: Ground out 1-3 (Groundball, 13)
Bottom of the 2nd over - 0 run(s), 0 hit(s), 0 error(s), 0 left on base; El Dorado 0 - Nassau 0
TOP OF THE 3RD
El Dorado Oilers batting - Pitching for Nassau Rockets : RHP Tomás Molina
Batting: LHB José Rivera 0-0: Ground out 1-3 (Groundball, 13)
Batting: RHB José Carlos Caraballo 0-0: Ball
1-0: Ground out 6-3 (Groundball, 6)
Batting: RHB Nick Webb 0-0: Ground out 1-3 (Groundball, 13)
Top of the 3rd over - 0 run(s), 0 hit(s), 0 error(s), 0 left on base; El Dorado 0 - Nassau 0
BOTTOM OF THE 3RD
Nassau Rockets batting - Pitching for El Dorado Oilers : RHP Francisco Ríos
Batting: RHB Yaichiro Sugahara 0-0: Called Strike
0-1: Ball
1-1: SINGLE (Groundball, 34D)
Batting: SHB Howard Parker 0-0: Ball
1-0: DOUBLE (Line Drive, 78XD)
Yaichiro Sugahara to third
Runner from 3rd tries for Home, SAFE, throw made at trailing runner, SAFE at third!
Batting: LHB Bob Martin 0-0: Fly out, F8 (Flyball, 8RS)
Runner from 3rd tags up, SCORES, throw made
Batting: LHB Don Ramey 0-0: Swinging Strike
0-1: Ball
1-1: Ball
2-1: Ground out U3 (Groundball, 34)
Batting: RHB Kenji Kudo 0-0: Called Strike
0-1: Ball
1-1: Fly out, F4 (Popup, 3D)
Bottom of the 3rd over - 2 run(s), 2 hit(s), 0 error(s), 0 left on base; El Dorado 0 - Nassau 2
TOP OF THE 4TH
El Dorado Oilers batting - Pitching for Nassau Rockets : RHP Tomás Molina
Batting: RHB Sixto Vélez 0-0: Called Strike
0-1: Ball
1-1: Ball
2-1: Ball
3-1: Base on Balls
Batting: LHB José Hernández 0-0: Called Strike
0-1: Swinging Strike
0-2: Strikes out looking
Batting: LHB Tony Abete 0-0: Ball
1-0: Called Strike
1-1: Ball
2-1: Foul Ball, location: 2F
2-2: Ball
3-2: Strikes out looking
Batting: RHB Valentín Borges 0-0: Ball
1-0: Ball
2-0: Foul Ball, location: 2F
2-1: Foul Ball, location: 2F
2-2: Strikes out looking
Top of the 4th over - 0 run(s), 0 hit(s), 0 error(s), 1 left on base; El Dorado 0 - Nassau 2
BOTTOM OF THE 4TH
Nassau Rockets batting - Pitching for El Dorado Oilers : RHP Francisco Ríos
Batting: SHB Edgardo Osorio 0-0: Ball
1-0: Ball
2-0: Foul Ball, location: 2F
2-1: Ground out 6-3 (Groundball, 6)
Batting: LHB Wilson Allen 0-0: Ground out 6-3 (Groundball, 6)
Batting: RHB Jesús Villalobos 0-0: Ground out 5-3 (Groundball, 56)
Bottom of the 4th over - 0 run(s), 0 hit(s), 0 error(s), 0 left on base; El Dorado 0 - Nassau 2
TOP OF THE 5TH
El Dorado Oilers batting - Pitching for Nassau Rockets : RHP Tomás Molina
Pitching: RHP Brandon Malet
Batting: LHB Chris Miller 0-0: Called Strike
0-1: Foul Ball, location: 2F
0-2: Ball
1-2: Strikes out swinging
Batting: LHB José Martínez 0-0: Fly out, F8 (Flyball, 78M)
Batting: LHB José Rivera 0-0: Ball
1-0: Called Strike
1-1: Swinging Strike
1-2: Ball
2-2: Ball
3-2: Strikes out swinging
Top of the 5th over - 0 run(s), 0 hit(s), 0 error(s), 0 left on base; El Dorado 0 - Nassau 2
BOTTOM OF THE 5TH
Nassau Rockets batting - Pitching for El Dorado Oilers : RHP Francisco Ríos
Pitching: RHP César López
Batting: RHB Brant Sherman 0-0: SINGLE (Groundball, 56S) (infield hit)
Batting: RHB Yaichiro Sugahara 0-0: Called Strike
0-1: Called Strike
0-2: Ball
1-2: Ball
2-2: Strikes out swinging
Batting: SHB Howard Parker 0-0: Ball
1-0: Ball
2-0: Called Strike
2-1: Ball
3-1: Foul Ball, location: 2F
3-2: Base on Balls
Brant Sherman to second
Batting: LHB Bob Martin 0-0: Fly out, F7 (Flyball, 7D)
Runner from 2nd tags up, SAFE at 3rd, no throw
Batting: LHB Don Ramey 0-0: DOUBLE (Line Drive, 7LS)
Brant Sherman scores
Howard Parker to third
Runner from 3rd tries for Home, SAFE, no throw
Batting: RHB Kenji Kudo 0-0: Ball
1-0: Ball
2-0: Called Strike
2-1: Foul Ball, location: 2F
2-2: Foul Ball, location: 2F
2-2: Ball
3-2: Foul Ball, location: 2F
3-2: Foul Ball, location: 2F
3-2: Ground out 6-3 (Groundball, 6)
Bottom of the 5th over - 2 run(s), 2 hit(s), 0 error(s), 1 left on base; El Dorado 0 - Nassau 4
TOP OF THE 6TH
El Dorado Oilers batting - Pitching for Nassau Rockets : RHP Brandon Malet
Batting: RHB José Carlos Caraballo 0-0: Called Strike
0-1: Ball
1-1: Ball
2-1: Foul Ball, location: 2F
2-2: SINGLE (Line Drive, 5L)
Batting: RHB Nick Webb 0-0: Ball
1-0: Called Strike
1-1: DOUBLE (Line Drive, 8LXD)
José Carlos Caraballo to third
Runner from 3rd tries for Home, SAFE, no throw
Batting: RHB Sixto Vélez 0-0: Foul Ball, location: 2F
0-1: Ground out 6-3 (Groundball, 6)
Nick Webb to third
Batting: LHB José Hernández 0-0: Ball
1-0: Ground out 4-3 (Groundball, 4S)
Nick Webb scores
Batting: LHB Tony Abete 0-0: Called Strike
0-1: Called Strike
0-2: TRIPLE (Line Drive, 8RD)
Batting: RHB Valentín Borges 0-0: Ball
1-0: Swinging Strike
1-1: Foul Ball, location: 2F
1-2: Fly out, F8 (Flyball, 8LM)
Top of the 6th over - 2 run(s), 3 hit(s), 0 error(s), 1 left on base; El Dorado 2 - Nassau 4
BOTTOM OF THE 6TH
Nassau Rockets batting - Pitching for El Dorado Oilers : RHP César López
Pitching: RHP Michael Young
Batting: SHB Edgardo Osorio 0-0: Fly out, F8 (Flyball, 8LM)
Batting: LHB Wilson Allen 0-0: Called Strike
0-1: Called Strike
0-2: Ball
1-2: Strikes out swinging
Batting: RHB Jesús Villalobos 0-0: Ball
1-0: Called Strike
1-1: Called Strike
1-2: Ground out 6-3 (Groundball, 6MS)
Bottom of the 6th over - 0 run(s), 0 hit(s), 0 error(s), 0 left on base; El Dorado 2 - Nassau 4
TOP OF THE 7TH
El Dorado Oilers batting - Pitching for Nassau Rockets : RHP Brandon Malet
Batting: LHB Chris Miller 0-0: Foul Ball, location: 2F
0-1: Swinging Strike
0-2: Ground out 5-3 (Groundball, 5)
Batting: LHB José Martínez 0-0: Ball
1-0: Ball
2-0: Called Strike
2-1: Ball
3-1: Base on Balls
Batting: LHB José Rivera 0-0: Ball
1-0: Ball
2-0: Called Strike
2-1: SINGLE (Line Drive, 3L)
José Martínez to second
Runner from 2nd tries for 3rd, SAFE, throw made to third
Pinch Hitting: LHB Ashley Pickhills 0-0: Ball
1-0: Swinging Strike
1-1: Foul Ball, location: 2F
1-2: TRIPLE (Flyball, 9D)
José Martínez scores
José Rivera scores
Pitching: RHP Fernando Castillo
Pinch Hitting: RHB Bob Johnson 0-0: Swinging Strike
0-1: Ball
1-1: SINGLE (Flyball, 9S)
Ashley Pickhills scores
Pinch Hitting: RHB Todd Rogers 0-0: Ball
Passed Ball!
Bob Johnson to second
1-0: Foul Ball, location: 2F
1-1: Ball
2-1: Ball
3-1: Foul Ball, location: 2F
3-2: SINGLE (Line Drive, 89S)
Bob Johnson to third
Runner from 3rd tries for Home, SAFE, no throw
Batting: LHB Al Gaines 0-0: Called Strike
0-1: Ball
1-1: SINGLE (Groundball, 4MD)
Todd Rogers to second
Pinch Hitting: RHB Yujiro Kurihara 0-0: Called Strike
0-1: Foul Ball, location: 2F
0-2: Foul Ball, location: 2F
0-2: Grounds into double play, 6-4-3 (Groundball, 6)
Top of the 7th over - 4 run(s), 5 hit(s), 0 error(s), 1 left on base; El Dorado 6 - Nassau 4
BOTTOM OF THE 7TH
Nassau Rockets batting - Pitching for El Dorado Oilers : RHP Michael Young
Now at 2B: Todd Rogers
Now at SS: Curt Walker
Now in LF: Ashley Pickhills
Now in CF: Warren Martin
Batting: RHB Brant Sherman 0-0: Foul Ball, location: 2F
0-1: Foul Ball, location: 2F
0-2: Ball
1-2: Foul Ball, location: 2F
1-2: Ball
2-2: Ball
3-2: Base on Balls
Batting: RHB Yaichiro Sugahara 0-0: Ball
1-0: Called Strike
1-1: Called Strike
1-2: Strikes out swinging
Pinch Hitting: RHB Salvador Borbón 0-0: Ball
1-0: Called Strike
1-1: Ball
2-1: Fly out, F6 (Popup, 6)
Pinch Hitting: LHB Doug Thompson 0-0: Ball
Brant Sherman is caught stealing 2nd base
Bottom of the 7th over - 0 run(s), 0 hit(s), 0 error(s), 0 left on base; El Dorado 6 - Nassau 4
TOP OF THE 8TH
El Dorado Oilers batting - Pitching for Nassau Rockets : RHP Fernando Castillo
Now at 3B: Pete Harvey
Now at SS: Salvador Borbón
Batting: RHB Valentín Borges 0-0: Ball
1-0: Ball
2-0: Fly out, F4 (Popup, 4D)
Batting: LHB Chris Miller 0-0: Fly out, F8 (Flyball, 8RS)
Pinch Hitting: RHB Chris Parker 0-0: Foul Ball, location: 2F
0-1: Swinging Strike
0-2: Ball
1-2: Ball
2-2: Ball
3-2: Base on Balls
Pinch Hitting: SHB Orlando Aguilar 0-0: Ball
1-0: Ball
2-0: Called Strike
2-1: Foul Ball, location: 2F
2-2: Ball
3-2: Foul Ball, location: 2F
3-2: Strikes out looking
Top of the 8th over - 0 run(s), 0 hit(s), 0 error(s), 1 left on base; El Dorado 6 - Nassau 4
BOTTOM OF THE 8TH
Nassau Rockets batting - Pitching for El Dorado Oilers : RHP Michael Young
Now at 1B: Chris Parker
Now at 3B: Orlando Aguilar
Batting: RHB Pete Harvey 0-0: Ball
1-0: Ground out 5-3 (Groundball, 56)
Batting: LHB Don Ramey 0-0: Ground out 4-3 (Groundball, 4M)
Pinch Hitting: LHB Andrew Alvarado 0-0: Ball
1-0: Ball
2-0: Ball
3-0: Base on Balls
Batting: SHB Chris Bennis 0-0: Ball
1-0: SINGLE (Line Drive, 89S)
Andrew Alvarado to second
Batting: LHB Wilson Allen 0-0: Ball
1-0: Called Strike
1-1: Foul Ball, location: 2F
1-2: Strikes out swinging
Bottom of the 8th over - 0 run(s), 1 hit(s), 0 error(s), 2 left on base; El Dorado 6 - Nassau 4
TOP OF THE 9TH
El Dorado Oilers batting - Pitching for Nassau Rockets : RHP Fernando Castillo
Pitching: RHP José García
Now in CF: Andrew Alvarado
Batting: LHB Ashley Pickhills 0-0: SOLO HOME RUN (Line Drive, 89XD), Distance : 424 ft
Pitching: RHP Juan Franco
Batting: LHB Curt Walker 0-0: Ball
1-0: Ground out 6-3 (Groundball, 6)
Pitching: RHP Jason Drake
Batting: RHB Todd Rogers 0-0: Ball
1-0: Ball
2-0: Ball
3-0: Base on Balls
Pitching: RHP Ju-choer Yi
Batting: LHB Al Gaines 0-0: Ball
1-0: 2-RUN HOME RUN (Flyball, 9LD), Distance : 338 ft
Pitching: RHP Nolan Baker
Batting: RHB Warren Martin 0-0: Ball
1-0: Called Strike
1-1: Called Strike
1-2: Foul Ball, location: 2F
1-2: Strikes out swinging
Pitching: RHP Guan-cai Yong
Pinch Hitting: SHB Theron Harper 0-0: SINGLE (Line Drive, 56D)
Batting: LHB Chris Miller 0-0: Ball
1-0: Swinging Strike
1-1: Foul Ball, location: 2F
1-2: Foul Ball, location: 2F
1-2: Fly out, F6 (Line Drive, 6M)
Top of the 9th over - 3 run(s), 3 hit(s), 0 error(s), 1 left on base; El Dorado 9 - Nassau 4
BOTTOM OF THE 9TH
Nassau Rockets batting - Pitching for El Dorado Oilers : RHP Michael Young
Now at C: Vicente Carona
Pinch Hitting: SHB Pepe Piña 0-0: Called Strike
0-1: Foul Ball, location: 2F
0-2: Ball
1-2: Strikes out looking
Pinch Hitting: RHB Soshu Nakamura 0-0: Ball
1-0: Called Strike
1-1: Swinging Strike
1-2: Strikes out swinging
Pinch Hitting: LHB Juan Romero 0-0: Foul Ball, location: 2F
0-1: Foul Ball, location: 2F
0-2: SINGLE (Groundball, 34D)
Batting: RHB Salvador Borbón 0-0: Called Strike
0-1: Ball
1-1: Ball
2-1: Foul Ball, location: 2F
2-2: Foul Ball, location: 2F
2-2: Strikes out swinging
Bottom of the 9th over - 0 run(s), 1 hit(s), 0 error(s), 1 left on base; El Dorado 9 - Nassau 4
Tuesday, August 8th, 2017 - OOTP Baseball 17.12 Build 75